 Dungeon Crawl Stone Soup version 0.29.0-11-gd7f09526c8 (webtiles) character file.

Game seed: 1979070360304507943

90 Arcadio the Trooper (level 4, -2/38 HPs)
             Began as a Palentonga Fighter on Sept 5, 2022.
             Slain by a gnoll
             ... wielding a +0 halberd
              (12 damage)
             ... on level 3 of the Dungeon.
             The game lasted 00:04:02 (2037 turns).

Arcadio the Trooper (Palentonga Fighter)            Turns: 2037, Time: 00:04:03

Health: -2/38      AC:  7    Str: 23    XL:     4   Next: 32%
Magic:  4/4        EV:  7    Int:  9    God:
Gold:   98         SH:  4    Dex:  9    Spells: 3/3 levels left

rFire   . . .      SeeInvis +   a - +1 war axe
rCold   . . .      Faith    .   c - +0 buckler
rNeg    . . .      Spirit   .   b - +0 scale mail
rPois   .          Reflect  .   (no helmet)
rElec   .          Harm     .   j - +0 cloak
rCorr   .          Rampage  .   (no gloves)
Will    .....                   (no barding)
Stlth   ..........              (no amulet)
HPRegen 0.12/turn               (no ring)
MPRegen 0.09/turn               (no ring)

@: no status effects
A: large, rugged brown scales 3, see invisible, deformed body, roll 1, armoured
tail
a: Rolling Charge


You were on level 3 of the Dungeon.
You visited 1 branch of the dungeon, and saw 3 of its levels.

You collected 98 gold pieces.

Inventory:

Hand Weapons
 a - a +1 war axe (weapon)
 h - a +2 whip of electrocution
 r - the +8 short sword of the Freezing Saviour {protect, Str+2 Stlth+}
   (You took it off a hobgoblin on level 2 of the Dungeon)

   It grants its wielder temporary protection when it strikes (+7 to AC).
   Str:       It affects your strength (+2).
   Stlth:     It makes you more stealthy.
Armour
 b - a +0 scale mail (worn)
 c - a +0 buckler (worn)
 j - a +0 cloak (worn)
Jewellery
 e - an amulet of guardian spirit
Scrolls
 n - 2 scrolls of identify
Potions
 d - a potion of might
 f - 3 potions of curing
 i - 3 potions of heal wounds
 k - a potion of cancellation {unknown}
 l - a potion of invisibility {unknown}
 o - 2 potions of brilliance {unknown}
 s - a potion of attraction {unknown}


   Skills:
 + Level 3.6 Fighting
 + Level 2.8 Axes
 + Level 3.0 Armour
 + Level 3.3 Shields


You had 3 spell levels left.
You didn't know any spells.
Your spell library was empty.

Dungeon Overview and Level Annotations

Branches:
Dungeon (3/15) Zot: 15906

Altars:
Nemelex Xobeh

Shops:
D:1 *


Innate Abilities, Weirdness & Mutations

You are completely covered in rugged brown scales. (AC +3, +7% HP)
You have supernaturally acute eyesight. (SInv)
Armour fits poorly on your strangely shaped body.
You can roll at nearby foes to attack.
You have a long armoured tail.


Message History

The gnoll hits you with a +0 spear.
The gnoll hits you from afar with a +0 halberd.
* * * LOW HITPOINT WARNING * * *
You hit the gnoll. You tail-slap the gnoll.
You kill the gnoll!
The gnoll barely misses you. The ball python closely misses you.
Your Armour skill increases to level 3!
You barely miss the ball python. The gnoll hits you but does no damage.
You block the ball python's attack.
Unknown command.
The ball python barely misses you.
The ball python attacks as you move away!
The ball python bites you but does no damage.
The ball python barely misses you.
The ball python attacks as you move away!
The ball python barely misses you.
The ball python attacks as you move away!
The ball python bites you but does no damage.
The ball python attacks as you move away!
The ball python bites you but does no damage.
You block the ball python's attack.
The ball python attacks as you move away!
The ball python bites you but does no damage.
The ball python attacks as you move away!
The ball python bites you but does no damage. x2
The ball python attacks as you move away!
The ball python bites you.
* * * LOW HITPOINT WARNING * * *
Found 3 gold pieces.
You barely miss the ball python. The ball python bites you.
* * * LOW HITPOINT WARNING * * *
The gnoll hits you but does no damage.
The ball python bites you but does no damage.
You closely miss the ball python.
The ball python bites you but does no damage.
The gnoll barely misses you.
You slash the ball python!
You kill the ball python!
The gnoll hits you from afar with a +0 halberd!
You die...

#.#...# #.#...#####
###...........#
..............# ##
.....§.§......# ..
....#§§#..#.#.####$
....#§§...#.#.#... ###
#§§##.#.#.##.# #.§§.§#.#.##@#
# #.#####.#.##.#
###.#.†.....#.##g#############
)(.............^...g........>#
###...........##############.#
.....$........K..# #...#
################.##### ##.###
#.......####.g#
#.#._.#...#..##


You could see a gnoll.

Vanquished Creatures
  2 gnolls (D:3)
  A dart slug (D:2)
  5 bats
  6 endoplasms
  4 giant cockroaches
  4 goblins
  5 hobgoblins
  8 jackals (D:2)
  4 quokkas
  5 ball pythons
  6 frilled lizards
  6 kobolds
  6 rats
62 creatures vanquished.

Vanquished Creatures (collateral kills)
  A ball python (D:3)
1 creature vanquished.

Grand Total: 63 creatures vanquished

Notes
Turn   | Place    | Note
-------+----------+-------------------------------------------
     0 | D:1      | Arcadio the Palentonga Fighter began the quest for the Orb.
     0 | D:1      | Reached XP level 1. HP: 19/19 MP: 1/1
    29 | D:1      | Found a faded altar of an unknown god.
   203 | D:1      | Reached XP level 2. HP: 24/25 MP: 2/2
   725 | D:1      | Reached XP level 3. HP: 31/31 MP: 3/3
   829 | D:1      | Found Doty's Assorted Antiques.
  1658 | D:2      | Identified the +8 short sword of the Freezing Saviour
                  | {protect, Str+2 Stlth+}
  1793 | D:2      | Reached XP level 4. HP: 36/37 MP: 4/4
  1991 | D:3      | Found a sparkling altar of Nemelex Xobeh.
  2037 | D:3      | Slain by a gnoll

Illustrated notes

Levels and vault maps discovered:
D:1:      dpeg_arrival_houses_and_road, layout_basic, serial_forest,
          infiniplex_forest_clump_double, infiniplex_forest_lined_1,
          infiniplex_forest_zigzag_2, infiniplex_forest_lined_4_way,
          infiniplex_forest_end_3, infiniplex_forest_lined_4_way, serial_shops,
          nicolae_diamond_shop, hellmonk_ecumenical_altar_arch_garden, hex_large
D:2:      layout_loops_ring, dk_vineyard_2, minivault_23, minmay_small_reverse_x
D:3:      layout_basic, nicolae_ru_path_of_blood,
          mainiacjoe_overflow_tiny_flanked, gup_sewer_entry_spiral

Skill      XL: |  1  2  3  4 |
---------------+-------------+-----
Shields        | 3 |  3.3
Armour         | 3 |  3.0
Fighting       | |  3.6
Axes           | |  2.8

Action                   |  1- 3 |  4- 6 || total
-------------------------+-------+-------++-------
Melee: War axe           |   126 |    13 ||   139
       Tailslap          |    12 |     1 ||    13
 Abil: Rolling Charge    |     8 |       ||     8
  Use: Scroll            |     2 |     4 ||     6
Armor: Scale mail        |    78 |    15 ||    93
Dodge: Dodged            |    50 |    12 ||    62
Block: Buckler           |    24 |     7 ||    31
